 Dungeon Crawl Stone Soup version 0.28-a0-8-g6e044cfa68 (webtiles) character file.

Game seed: 16462643887163860284

93 Spaninq the Ruffian (level 4, -5/45 HPs)
             Began as a Troll Chaos Knight on July 24, 2021.
             Was a Plaything of Xom.
             Slain by Crazy Yiuf (11 damage)
             ... on level 2 of the Dungeon.
             The game lasted 00:02:53 (1484 turns).

Spaninq the Ruffian (Troll Chaos Knight)            Turns: 1484, Time: 00:02:56

Health: -5/45      AC:  6    Str: 20    XL:     4   Next: 37%
Magic:  3/3        EV: 10    Int:  8    God:    Xom [..*...]
Gold:   48         SH:  0    Dex: 10    Spells: 3/3 levels left

rFire   . . .      SeeInvis .     - Unarmed
rCold   . . .      Faith    .   (no shield)
rNeg    . . .      Spirit   .   a - +2 robe
rPois   .          Reflect  .   (helmet restricted)
rElec   .          Harm     .   (no cloak)
rCorr   .          Rampage  .   (gloves unavailable)
Will    .....                   (boots unavailable)
Stlth   +.........              (no amulet)
HPRegen 1.15/turn               (no ring)
MPRegen 0.08/turn               (no ring)

@: lethally poisoned (-5 -> -9), flying
A: large, unfitting armour, claws 3, regeneration 1, shaggy fur 1, tough skin 1
a: Renounce Religion


You were on level 2 of the Dungeon.
You worshipped Xom.
You were a toy of Xom.
You visited 1 branch of the dungeon, and saw 2 of its levels.

You collected 48 gold pieces.

Inventory:

Armour
 a - a +2 robe (worn)
Scrolls
 d - a scroll of amnesia {unknown}
Potions
 b - 2 potions of berserk rage {unknown}
 c - 2 potions of invisibility {unknown}
 e - a potion of flight
 f - a potion of lignification {unknown}
 g - 2 potions of might {unknown}


   Skills:
 + Level 3.1 Fighting
 + Level 2.7 Dodging
 + Level 3.9 Unarmed Combat


You had 3 spell levels left.
You didn't know any spells.
Your spell library contained the following spells:

 Spells                   Type           Power      Damage    Failure   Level
 Slow                     Hex            0%         N/A       54%         2
 Confusing Touch          Hex            0%         N/A       78%         3
 Yara's Violent Unravell  Hex/Tmut       0%         3d3       100%        5


Dungeon Overview and Level Annotations

Branches:
Dungeon (2/15)

Altars:

Annotations:
D:2 Crazy Yiuf


Innate Abilities, Weirdness & Mutations

You are too large for most types of armour.
You have claws for hands.
Your natural rate of healing is unusually fast.
You are covered in fur. (AC +1)
You have tough skin. (AC +1)


Message History

You scratch the fungus.
The fungus is lightly damaged.
You claw the fungus!
The fungus is lightly damaged.
You claw the fungus!
The fungus is lightly damaged.
A nearby fungus withers and dies.
You scratch the fungus.
The fungus begins to die.
The fungus is lightly damaged.
You claw the fungus!
The fungus is lightly damaged.
You claw the fungus!
The fungus is lightly damaged.
You completely miss the fungus.
The fungus is lightly damaged.
You scratch the fungus.
The fungus is lightly damaged.
A nearby fungus withers and dies.
Found a mace.
Found a runed translucent door.
Crazy Yiuf says, "Against boredom even gods struggle in vain."
As you open the door, it creaks loudly!
You closely miss Crazy Yiuf.
Crazy Yiuf hits you with a +2 quarterstaff of chaos!
You are poisoned.
You barely miss Crazy Yiuf.
You feel very sick.
Crazy Yiuf hits you with a +2 quarterstaff of chaos!
Crazy Yiuf burns you.
* * * LOW HITPOINT WARNING * * *
* * * LOW HITPOINT WARNING * * *
You feel very sick.
It was a potion of flight.
You feel very buoyant.
You fly up into the air.
Xom roars with laughter!
* * * LOW HITPOINT WARNING * * *
You feel very sick.
Crazy Yiuf hits you with a +2 quarterstaff of chaos!
You die...
Xom thinks this is hilarious! .# #.#.###'########## #)######PP .# #.......# #.....P.PP ## #.......# ##### #..≈≈)P≈≈♣ #.......# #..)# #.≈PP≈≈≈♣P #.##....# #...# ##≈P≈≈♣≈PPP #)####..# ... #.P≈PPPPPP.

#....##.# #'#
#.P≈PPPP...
####.##.# ♣♣g♣
##P≈P.....# ###
#)##.# ♣@♣♣
#.......#.# #.#
#.##.# ♣♣.♣
#......<#.# #.#
#.##.# ♣.♣♣
#####.#.#.# ..#
#.##.# ♣♣.♣♣ #.#(#.#
#.# #.##.# ♣.♣.♣♣
#.#....
#.######....# ♣PPP.♣
#.#.###
#........##.# #....#
#.#....
#.######.##.###....#
#[##### #.#
#.##........#
#......


You could see Crazy Yiuf.

Vanquished Creatures
  3 gnolls (D:2)
  2 adders (D:2)
  4 dart slugs (D:1)
  3 endoplasms
  2 giant cockroaches
  2 hobgoblins (D:1)
  4 jackals (D:2)
  A quokka (D:1)
  3 ball pythons
  3 bats (D:1)
  3 frilled lizards
  6 goblins
  3 kobolds
  A rat (D:1)
  A spectral hobgoblin (D:2)
41 creatures vanquished.

Vanquished Creatures (others)
  2 fungi (D:2)
  2 plants (D:2)
4 creatures vanquished.

Grand Total: 45 creatures vanquished

Notes
Turn   | Place    | Note
-------+----------+-------------------------------------------
     0 | D:1      | Spaninq the Troll Chaos Knight began the quest for the Orb.
     0 | D:1      | Reached XP level 1. HP: 22/22 MP: 0/0
    47 | D:1      | XOM: potion effect (curing)
   191 | D:1      | Reached XP level 2. HP: 29/29 MP: 1/1
   228 | D:1      | XOM: silly message
   232 | D:1      | XOM: divination: magic mapping
   436 | D:1      | Reached XP level 3. HP: 36/36 MP: 2/2
   676 | D:2      | XOM: divination: magic mapping
   766 | D:2      | XOM: chaos upgrade
   768 | D:2      | XOM: confuse monster(s)
   813 | D:2      | XOM: silly message
   845 | D:2      | Reached XP level 4. HP: 45/45 MP: 3/3
  1046 | D:2      | Found a faded altar of an unknown god.
  1318 | D:2      | XOM is BORED!
  1318 | D:2      | XOM: silly message
  1476 | D:2      | Found a runed translucent door.
  1477 | D:2      | Noticed Crazy Yiuf
  1484 | D:2      | Slain by Crazy Yiuf

Illustrated notes

Levels and vault maps discovered:
D:1:      dpeg_arrival_pond, layout_basic
D:2:      layout_basic, dreamdust_ecumenical_altar_drowned_temple,
          serial_bayou_lagoon_a, minmay_misc_feat_roman, uniq_crazy_yiuf_cottage

Skill      XL: |  1  2  3 |
---------------+----------+-----
Dodging        | 2 |  2.7
Fighting       | 3 |  3.1
Unarmed Combat | |  3.9

Action                   |  1- 3 |  4- 6 || total
-------------------------+-------+-------++-------
Melee: Unarmed           |    57 |    32 ||    89
       Punch             |     1 |       ||     1
  Use: Potion            |       |     1 ||     1
 Stab: Confused          |     2 |       ||     2
       Sleeping          |       |     1 ||     1
Armor: Robe              |    23 |     5 ||    28
Dodge: Dodged            |    23 |    13 ||    36

Table legend: (Time is in decaauts)
 A = Elapsed time spent in this place.
 B = Non-inter-level travel time spent in this place.
 C = Inter-level travel time spent in this place.
 D = Time resting spent in this place.
 E = Time spent auto-exploring this place.
 F = Levels seen in this place.
 G = Mean time per level.
                   A        B        C        D        E       F      G
               +--------+--------+--------+--------+--------+-----+--------+
         Total |   1492 |   1477 |     15 |      0 |   1175 |   2 |  746.0 |
       Dungeon |   1492 |   1477 |     15 |      0 |   1175 |   2 |  746.0 |
               +--------+--------+--------+--------+--------+-----+--------+

Top non-repeatable levels by time:
     D:2: 838 daAuts
     D:1: 653 daAuts
